Map: Thunderbird LE

Players

Mez - Winner!

  • Race: Terran Terran
  • League: Master
  • Spawn Location: 11:00

zxcvbn

  • Race: Zerg Zerg
  • League: Master
  • Spawn Location: 5:00

VOD

Have the link to the VOD?

Description

Time

  • Played on: Aug. 23, 2019, 8:10 p.m.
  • Length: 24:23
Show
View Real Time Build Order
Export as new Build Order

Mez Terran - Winner!

Build Orders: Reaper Expand 

Get SALT Encoding   

  12  0:00  SCV  
  13  0:13  SCV  
  14  0:17  Supply Depot  
  14  0:25  SCV  
  15  0:38  SCV  
  15  0:40  Barracks  
  16  0:45  Refinery  
  16  0:50  SCV  
  17  1:02  SCV  
  18  1:15  SCV  
  19  1:28  Orbital Command  
  19  1:29  Reaper  
  20  1:40  Command Center  
  20  1:49  Supply Depot  
  20  1:54  SCV  
  20  2:01  Marine  
  22  2:10  SCV  
  22  2:13  Factory  
  23  2:16  Refinery  
  23  2:25  Barracks Reactor  
  23  2:42  SCV  
  24  2:55  Orbital Command  
  24  2:56  SCV  
  25  2:59  Starport  
  25  3:07  Hellion x2  
  25  3:10  Barracks Tech Lab  
  25  3:12  SCV  
  30  3:14  Supply Depot  
  30  3:20  SCV  
  30  3:24  SCV  
  32  3:32  SCV  
  33  3:37  SCV  
  33  3:38  Hellion  
  33  3:39  Hellion  
  33  3:40  Viking  
  33  3:41  Marine  
  39  3:44  SCV  
  39  3:46  Stimpack  
  41  3:49  SCV, Supply Depot  
  42  3:56  SCV  
  42  3:59  Marine  
  42  4:01  SCV  
  45  4:09  SCV  
  46  4:13  SCV  
  47  4:17  Starport Reactor  
  47  4:21  Barracks, SCV  
  47  4:23  Barracks  
  48  4:25  SCV  
  48  4:28  Factory Reactor  
  49  4:39  Command Center  
  49  4:50  Marine  
  44  4:55  Medivac x2  
  44  4:59  SCV x2  
  48  5:03  Engineering Bay  
  48  5:04  Engineering Bay  
  48  5:08  Marine  
  48  5:10  Marine x2  
  48  5:11  SCV  
  48  5:13  SCV  
  53  5:16  Marine x2, Refinery  
  53  5:17  Refinery  
  55  5:23  SCV  
  55  5:25  Marine, SCV  
  58  5:28  Marine  
  58  5:29  Supply Depot  
  58  5:31  Marine  
  58  5:32  Supply Depot  
  60  5:35  SCV  
  60  5:37  SCV  
  62  5:43  Combat Shield  
  62  5:45  Factory Tech Lab  
  62  5:50  Marine x3  
  62  5:56  Supply Depot  
  65  5:57  Supply Depot  
  65  6:00  Marine x2  
  65  6:03  SCV x2  
  70  6:05  Barracks x2, Orbital Command  
  70  6:08  Marine  
  70  6:10  Siege Tank  
  73  6:13  Medivac  
  73  6:17  Terran Infantry Armor Level 1, Terran Infantry Weapons Level 1  
  75  6:20  SCV  
  75  6:21  SCV  
  77  6:29  Marine x2, Supply Depot x2  
  77  6:30  Marine x2  
  78  6:43  Marine  
  76  6:47  Marine x4, Siege Tank  
  76  6:48  SCV  
  76  6:53  SCV x2  
  86  6:56  Supply Depot  
  86  6:59  Barracks Reactor x2  
  86  7:00  SCV  
  86  7:01  Marine  
  88  7:05  Marine x3, SCV  
  92  7:08  Marine  
  93  7:18  Marine  
  94  7:23  Marine x2  
  94  7:24  Marine  
  94  7:26  Marine, Siege Tank, Medivac x2  
  94  7:28  SCV x3  
  108  7:34  Factory  
  108  7:35  Armory  
  108  7:36  Marine  
  109  7:37  Marine  
  109  7:38  Marine x3  
  109  7:40  Marine  
  114  7:45  SCV x3  
  114  7:47  Refinery  
  114  7:48  Refinery  
  117  7:54  Command Center  
  117  7:57  SCV x3, Supply Depot  
  120  7:58  Marine x3  
  120  7:59  Marine x2  
  120  8:02  Siege Tank  
  128  8:09  Liberator x2  
  128  8:21  Marine  
  128  8:22  Marine x6  
  128  8:23  Factory Tech Lab  
  128  8:26  Terran Infantry Weapons Level 2  
  141  8:27  Terran Infantry Armor Level 2  
  141  9:05  Marine x9, Siege Tank, SCV x3  
  156  9:20  SCV  
  156  9:23  Marine  
  156  9:29  Marine x2  
  154  9:32  Marine x2  
  154  9:34  Marine x2  
  156  9:43  Supply Depot  
  156  9:44  Supply Depot x2  
  156  9:46  Supply Depot  
  156  9:47  Barracks x2  
  156  9:48  Marine x2, Siege Tank x2, Barracks  
  162  10:06  Planetary Fortress  
  158  10:07  SCV x3  
  158  10:10  Marine x8  
  158  10:13  Medivac x2  
  173  10:15  Refinery  
  173  10:19  SCV  
  173  10:20  Siege Tank x2  
  180  10:40  Marine x4  
  180  10:41  Marine x2, Barracks Tech Lab x3  
  186  10:43  SCV x4  
  186  10:47  Liberator x2  
  188  10:52  Siege Tank x2  
  177  11:03  Marine x8, Marauder x4  
  188  11:07  Starport  
  188  11:09  Starport  
  192  11:13  Command Center  
  192  11:21  Marine x3  
  192  11:24  Siege Tank  
  192  11:25  Refinery  
  191  11:35  Marine  
  191  11:37  Marine x8  
  191  11:39  Siege Tank  
  147  11:47  Starport Reactor, Medivac x2, Starport Tech Lab  
  147  11:50  Fusion Core  
  151  11:56  Siege Tank  
  151  11:59  Marine x2, Liberator, Marauder  
  151  12:00  Marine x6, Liberator, Marauder x3  
  170  12:05  Medivac  
  151  12:14  Siege Tank  
  131  12:16  Marine  
  131  12:17  Marine x3  
  131  12:21  Marauder  
  137  12:25  Terran Infantry Armor Level 3, Terran Infantry Weapons Level 3  
  137  12:30  Liberator  
  137  12:31  Liberator  
  137  12:40  Marine x4, Command Center  
  147  12:57  Sensor Tower  
  147  12:59  Medivac  
  149  13:09  Marine, Marauder x2  
  149  13:10  Marine x4, Marauder x2  
  162  13:22  Siege Tank x2  
  162  13:25  Medivac x2  
  172  13:27  Marine  
  172  13:29  Medivac  
  172  13:31  Marauder, Planetary Fortress  
  170  13:53  Marine  
  170  13:54  Marine x11, Refinery  
  153  14:06  SCV x3  
  156  14:11  Marine x4  
  160  14:19  Liberator  
  160  14:20  Liberator  
  155  14:26  Marine x8  
  155  14:29  Marine x4  
  134  14:32  Siege Tank  
  134  14:33  Siege Tank  
  133  14:44  Marine x5  
  138  14:53  Marine x7  
  138  14:59  Terran Vehicle Weapons Level 1  
  145  15:01  Marine, Liberator  
  145  15:02  Marine x3, Liberator x2  
  148  15:17  Marine x2, Marauder x2  
  148  15:19  Marine  
  148  15:20  Marine x7  
  158  15:35  Marine x2, Siege Tank x2  
  166  15:37  Marine  
  166  15:38  Marine, Liberator x2, Planetary Fortress  
  168  15:44  Liberator  
  168  15:52  Marine x5  
  168  15:53  Marine x5  
  168  15:55  Marine  
  188  16:06  Missile Turret  
  188  16:20  Liberator x2  
  188  16:24  Siege Tank x2  
  200  16:47  Liberator x3  
  182  16:54  Marine, Marauder  
  154  17:02  Marine x5, Liberator, Marauder  
  154  17:03  Liberator, Siege Tank, Marauder  
  154  17:04  Siege Tank  
  165  17:14  Refinery  
  165  17:15  Command Center  
  165  17:22  Marine x7  
  175  17:30  Liberator x3  
  175  17:36  Siege Tank x2  
  180  17:45  Liberator  
  180  17:49  Marine  
  157  18:02  Medivac  
  138  18:09  Marine x2, Marauder x4  
  144  18:13  Liberator  
  144  18:15  Liberator  
  144  18:21  Sensor Tower  
  144  18:23  Refinery  
  144  18:25  Refinery  
  143  18:28  Liberator  
  143  18:30  Medivac x2  
  152  18:38  Marine  
  131  18:41  Marine x5, Marauder  
  131  18:42  Liberator, Marauder x2  
  131  18:43  Liberator  
  125  18:57  Siege Tank x2  
  125  18:58  Marine  
  138  19:07  Advanced Ballistics  
  138  19:10  Neosteel Armor, Hi-Sec Auto Tracking  
  138  19:13  Medivac  
  138  19:15  Medivac  
  138  19:16  Command Center  
  142  19:19  Marauder x3  
  148  19:26  SCV x4  
  148  19:28  Medivac  
  154  19:35  Planetary Fortress  
  154  19:38  SCV x2  
  155  19:42  Medivac  
  155  19:43  Medivac  
  160  19:51  Marine, Marauder x2  
  160  19:52  Marine x7, Marauder x2  
  176  20:09  Marine x3  
  179  20:24  Siege Tank x2  
  177  20:32  Marine  
  177  20:33  Marine, Marauder x3  
  159  20:49  Medivac x2  
  158  20:50  Medivac x3  
  158  20:56  Siege Tank x2  
  164  21:10  Marine x3, Marauder x4  
  175  21:19  Medivac  
  173  21:35  Siege Tank x2  
  179  21:50  Marine x6  
  184  22:07  Siege Tank  
  185  22:24  Marine x7, Marauder x4  
  192  22:45  Marauder  
  192  22:48  Siege Tank x2  
  200  22:54  Liberator x4  
  165  23:09  Marine x4  
  165  23:10  Marine x3, Marauder x4  
  192  23:20  Siege Tank  
  177  23:31  Marine x12  
  175  23:37  Refinery  
  175  23:39  Refinery  
  175  23:49  Marine x6  
  171  24:01  Marine  
  171  24:02  Marine x5  
Show
View Real Time Build Order
Export as new Build Order

zxcvbn Zerg 

Build Orders: Hatch First 

Get SALT Encoding   

  12  0:02  Drone  
  13  0:13  Overlord  
  13  0:17  Drone  
  14  0:31  Drone  
  15  0:41  Drone x2  
  17  0:53  Hatchery  
  16  0:57  Drone  
  16  0:58  Drone  
  18  1:12  Spawning Pool  
  18  1:14  Drone  
  18  1:18  Drone  
  19  1:32  Drone  
  20  1:36  Extractor  
  19  1:44  Hatchery  
  18  1:49  Drone  
  19  1:59  Queen  
  21  2:05  Queen  
  21  2:06  Zergling x2  
  24  2:09  Zergling x2  
  25  2:32  Drone x3  
  28  2:41  Metabolic Boost  
  28  2:55  Overlord x2  
  28  3:00  Queen  
  28  3:01  Queen  
  28  3:04  Extractor x2  
  28  3:05  Drone  
  31  3:06  Drone  
  34  3:17  Drone x2  
  34  3:18  Drone x3  
  39  3:32  Drone x3  
  39  3:33  Drone x2  
  44  3:37  Extractor  
  44  3:40  Drone x3  
  46  3:41  Drone  
  46  3:45  Drone  
  46  3:46  Drone  
  49  3:53  Overlord  
  49  3:54  Baneling Nest  
  48  3:56  Overlord  
  48  4:04  Lair  
  48  4:09  Zergling x2  
  49  4:10  Zergling x2  
  49  4:11  Overlord  
  49  4:14  Zergling x6  
  53  4:22  Queen  
  55  4:26  Drone x3  
  58  4:33  Overlord  
  58  4:51  Drone x2  
  58  4:52  Drone x8  
  66  5:00  Overlord  
  66  5:02  Overlord x2  
  66  5:05  Centrifical Hooks  
  66  5:07  Hatchery  
  66  5:13  Evolution Chamber  
  66  5:14  Overlord  
  64  5:15  Evolution Chamber, Drone  
  64  5:16  Drone  
  65  5:22  Drone x2  
  67  5:32  Overlord x2  
  67  5:33  Drone x3  
  67  5:34  Drone x2  
  72  5:44  Zerg Ground Armor Level 1, Zerg Melee Weapons Level 1  
  72  5:46  Hatchery, Drone x3  
  74  5:51  Zergling x2  
  74  5:52  Zergling x8  
  79  6:00  Extractor  
  79  6:03  Drone x3  
  81  6:07  Drone  
  81  6:08  Infestation Pit, Drone x4  
  85  6:14  Extractor  
  85  6:16  Queen  
  86  6:29  Zergling x24  
  97  6:37  Zergling x8  
  96  6:41  Zergling x2  
  96  6:43  Drone x3  
  100  6:49  Zergling x2  
  101  6:55  Hive  
  101  6:57  Drone x3  
  101  6:58  Drone x2  
  101  7:00  Queen  
  108  7:01  Extractor  
  108  7:04  Overlord  
  107  7:34  Zergling x2, Hydralisk Den  
  107  7:35  Zergling x20  
  107  7:36  Overlord x2  
  107  7:37  Overlord x3  
  117  7:44  Hatchery  
  117  7:48  Overlord  
  117  7:50  Drone  
  117  7:57  Baneling x8  
  117  7:58  Overlord, Baneling x4  
  117  8:03  Hatchery  
  117  8:05  Spore Crawler x2  
  114  8:10  Grooved Spines  
  114  8:12  Adrenal Glands  
  114  8:13  Evolution Chamber  
  114  8:14  Drone x3  
  114  8:15  Drone x2  
  114  8:17  Extractor  
  114  8:19  Drone x3  
  120  8:20  Spore Crawler x2, Drone  
  120  8:21  Drone x2  
  120  8:22  Drone  
  122  8:36  Overlord  
  122  8:39  Zerg Missile Weapons Level 1  
  122  8:40  Zerg Melee Weapons Level 2  
  122  8:41  Hydralisk, Zerg Ground Armor Level 2  
  122  8:45  Zergling x28  
  122  8:48  Drone x3, Extractor  
  127  9:14  Hydralisk x8  
  127  9:17  Overlord  
  140  9:19  Drone x7  
  140  9:21  Overlord, Muscular Augments  
  142  9:36  Drone x4  
  144  9:41  Drone x5  
  144  9:45  Hydralisk x4  
  149  9:50  Zergling x36  
  175  9:53  Hatchery  
  172  10:09  Viper x2  
  178  10:16  Baneling x4  
  178  10:22  Zergling x32  
  178  10:23  Zergling x2  
  178  10:25  Overlord  
  195  10:29  Overlord  
  195  10:33  Extractor  
  194  10:39  Overlord  
  194  10:48  Drone x3  
  183  10:59  Viper x3  
  183  11:03  Overlord  
  192  11:12  Baneling x7  
  192  11:18  Drone x3  
  193  11:19  Drone  
  193  11:20  Zergling x2  
  196  11:31  Zergling x2  
  185  11:36  Zergling x2  
  185  11:37  Zergling x46  
  185  11:38  Zergling x2  
  165  11:43  Zergling x6  
  165  11:44  Zergling x2  
  159  11:50  Zerg Ground Armor Level 3, Zerg Melee Weapons Level 3  
  159  11:52  Zerg Missile Weapons Level 2  
  159  12:03  Queen  
  159  12:04  Queen x2  
  127  12:19  Overlord  
  127  12:22  Hydralisk x2  
  126  12:23  Hydralisk x9  
  126  12:25  Drone x2  
  126  12:27  Extractor  
  126  12:28  Drone  
  126  12:29  Drone  
  151  12:33  Overlord x2  
  151  12:37  Spine Crawler  
  151  12:40  Queen  
  151  12:41  Queen  
  154  12:49  Overseer x3  
  154  12:50  Zergling x12  
  154  12:51  Zergling x32  
  176  12:55  Ultralisk Cavern  
  175  13:01  Hatchery  
  175  13:04  Baneling  
  175  13:05  Evolution Chamber x2, Baneling x4  
  173  13:06  Evolution Chamber  
  171  13:15  Overlord  
  169  13:24  Overlord  
  169  13:26  Drone x3  
  166  13:29  Overlord x2  
  165  13:40  Spire  
  164  13:42  Hydralisk x2  
  164  13:43  Hydralisk x11  
  164  13:45  Zergling x2  
  189  13:54  Zergling x2  
  189  13:55  Zergling x46  
  189  14:03  Zergling x2  
  189  14:04  Zergling x6  
  193  14:12  Overlord  
  193  14:14  Chitinous Plating  
  193  14:16  Zerg Missile Weapons Level 3  
  154  14:39  Hydralisk x3  
  154  14:42  Zergling x26  
  154  14:45  Overlord  
  173  14:57  Drone x9  
  182  15:03  Overseer  
  177  15:33  Anabolic Synthesis  
  177  15:34  Baneling x5  
  177  15:37  Ultralisk x2  
  177  15:39  Zergling x2  
  177  15:40  Zergling x6  
  199  15:49  Nydus Network  
  198  15:54  Nydus Network  
  198  15:56  Overlord  
  197  16:00  Overlord  
  195  16:04  Spore Crawler  
  195  16:05  Spore Crawler  
  195  16:09  Extractor  
  190  16:15  Spore Crawler  
  183  16:21  Drone  
  183  16:22  Drone  
  185  16:31  Pneumatized Carapace  
  185  16:36  Spore Crawler x2, Extractor  
  185  16:37  Extractor  
  114  17:05  Hydralisk  
  114  17:07  Hydralisk  
  114  17:08  Hydralisk x21  
  82  17:10  Zergling x2  
  82  17:11  Zergling x2, Ultralisk x4  
  82  17:12  Zergling x22  
  160  17:16  Overlord  
  154  17:25  Greater Spire  
  154  17:28  Zergling x4  
  154  17:29  Hydralisk x10, Zergling x12  
  178  17:33  Overlord  
  178  17:34  Drone x2  
  177  17:47  Hatchery  
  155  18:05  Hydralisk x10  
  145  18:12  Viper x2  
  168  18:14  Zergling x4  
  168  18:15  Zergling x4  
  168  18:19  Drone x2  
  176  18:22  Drone x2  
  168  18:51  Zergling x2  
  168  18:52  Zergling x24  
  181  19:06  Hatchery  
  180  19:13  Baneling  
  180  19:22  Nydus Canal  
  180  19:23  Nydus Canal  
  180  19:37  Viper x2, Nydus Canal x2  
  180  19:38  Viper  
  189  19:40  Overlord  
  189  19:50  Zerg Flyer Weapons Level 1  
  189  19:51  Nydus Canal  
  189  19:52  Nydus Canal  
  189  20:05  Nydus Canal  
  188  20:21  Evolution Chamber  
  177  20:36  Nydus Canal x2  
  174  20:46  Zergling x26  
  174  20:47  Zergling x12  
  191  21:43  Evolution Chamber  
  191  21:44  Zerg Flyer Armor Level 1, Evolution Chamber  
  191  21:45  Evolution Chamber  
  188  21:48  Nydus Canal x2  
  188  21:55  Hatchery  
  188  21:59  Hydralisk x7  
  197  22:44  Baneling x10  
  197  22:46  Ultralisk  
  120  23:29  Hydralisk x7  
  120  23:30  Hydralisk x10  
  116  23:41  Viper x2  
  118  23:51  Hydralisk  
  118  23:57  Zergling x6  
Tags
 
Add a new tag
Caveats
  • Supply blocks, unpowered buildings, or Contaminate may cause inaccurate times.
  • Supply counts are checked every 10 seconds.